 Dungeon Crawl Stone Soup version 0.23-a0-484-g29ba69c (webtiles) character file.

51 Lavandula the Vandal (level 4, -2/27 HPs)
             Began as a Halfling Enchanter on Nov 30, 2018.
             Slain by Purgy (3 damage)
             ... on level 3 of the Dungeon.
             The game lasted 00:07:57 (1135 turns).

Lavandula the Vandal (Halfling Enchanter)           Turns: 1135, Time: 00:07:58

Health: -2/27      AC:  2    Str:  9    XL:     4   Next: 5%
Magic:  6/6        EV: 15    Int: 14    God:
Gold:   34         SH:  0    Dex: 14    Spells: 3/6 levels left

rFire    . . .     SeeInvis .   a - +1 dagger
rCold    . . .     Gourm    .   (shield restricted)
rNeg     . . .     Faith    .   b - +0 robe
rPois    .         Spirit   .   (no helmet)
rElec    .         Reflect  .   (no cloak)
rCorr    .         Harm     .   (no gloves)
MR       .....                  (no boots)
Stlth    ++........             (no amulet)
HPRegen  0.09/turn              (no ring)
MPRegen  0.10/turn              (no ring)

@: no status effects
A: small, mutation resistance 1
a: no special abilities


You were on level 3 of the Dungeon.
You were not hungry.

You visited 1 branch of the dungeon, and saw 4 of its levels.

You collected 34 gold pieces.

Inventory:

Hand Weapons
 a - a +1 dagger (weapon)
 k - a +0 hunting sling
Missiles
 c - 58 stones (quivered)
 j - 3 arrows
 n - 15 poisoned needles
 p - 15 sling bullets
Armour
 b - a +0 robe (worn)
Jewellery
 e - an uncursed ring of ice
Scrolls
 g - a scroll of noise {unknown}
 i - a scroll of magic mapping
 m - a scroll of remove curse
 o - a scroll of identify {unknown}
Potions
 f - a potion of mutation {unknown}
 h - 2 potions of agility
 l - 2 potions of curing
 q - a potion of might {unknown}
Comestibles
 d - 5 rations
 r - a chunk of flesh


   Skills:
 - Level 2.8 Short Blades
 + Level 3.6 Slings
 - Level 0.2(1.4) Throwing
 - Level 2.1 Dodging
 - Level 3.2 Stealth
 - Level 1.5 Spellcasting
 - Level 2.4 Hexes


You had 3 spell levels left.
You knew the following spells:

 Your Spells              Type           Power        Failure   Level  Hunger
a - Corona                Hex            #......      10%         1    ##.....
b - Ensorcelled Hibernat  Hex/Ice        #.....       22%         2    ###....

Your spell library contained the following spells:

 Spells                   Type           Power        Failure   Level  Hunger
 Confuse                  Hex            #.......     28%         3    ####...
 Tukima's Dance           Hex            #.......     28%         3    ####...
 Dazzling Spray           Conj/Hex       #.....       41%         3    ####...


Dungeon Overview and Level Annotations

Branches:
Dungeon (4/15)
 Temple: D:4-7

Altars:

Annotations:
D:3 Purgy
D:4 exclusion: ogre


Innate Abilities, Weirdness & Mutations

You are small and have problems with some larger weapons.
You are somewhat resistant to further mutation.


Message History

Purgy bites you.
* * * LOW HITPOINT WARNING * * *
Purgy claws you but does no damage. Purgy claws you.
* * * LOW HITPOINT WARNING * * *
There is a stone staircase leading down, spattered with blood here.
Okay, then.
It was a potion of curing.
You feel better. Purgy barely misses you. Purgy claws you.
* * * LOW HITPOINT WARNING * * *
Purgy completely misses you.
The goblin shoots a stone.
The stone hits you.
* * * LOW HITPOINT WARNING * * *
You see here a stone.
Found 5 gold pieces.
A bullfrog comes into view.
Found 9 gold pieces.
Purgy bites you.
* * * LOW HITPOINT WARNING * * *
Purgy claws you.
You die...

#.8P............P8.#
#####'########.#####
#.8..P8.##....P..## .
#.8P.P..##♣.P.P..##
..####..._.8.##.......##
.....###8⌠.######.⌠.###.
.......#####....#####...
................# .###..
# .......@T.......##.#
### #
...######..........## #
# #..........F$ # #
#........$##.# # #
#............#
#....g....#.
######.#.#...
##########.# # ######
#........#.# ###


You could see Purgy and a goblin.

Vanquished Creatures
  An adder (D:3)
  A worm (D:3)
  A dart slug (D:2)
  5 orcs (D:3)
  4 bats (D:1)
  2 giant cockroaches
  4 goblins
  3 hobgoblins
  2 quokkas
  2 frilled lizards (D:3)
  A kobold (D:1)
  4 rats
30 creatures vanquished.

Notes
Turn   | Place    | Note
-------+----------+-------------------------------------------
     0 | D:1      | Lavandula the Halfling Enchanter began the quest for the
                  | Orb.
     0 | D:1      | Reached XP level 1. HP: 11/11 MP: 3/3
    71 | D:1      | Reached XP level 2. HP: 17/17 MP: 0/4
   321 | D:2      | Reached skill level 1 in Slings
   458 | D:3      | Reached XP level 3. HP: 16/21 MP: 3/5
   462 | D:3      | Learned a level 2 spell: Ensorcelled Hibernation
   826 | D:3      | Found a faded altar of an unknown god.
   861 | D:3      | Reached XP level 4. HP: 27/27 MP: 1/6
   943 | D:3      | Noticed Purgy
  1100 | D:4      | Noticed an ogre
  1128 | D:3      | Noticed a bullfrog
  1135 | D:3      | HP: 1/27 [Purgy (4)]
  1135 | D:3      | Slain by Purgy

Vault maps used:
D:1:      zelgadis_glass_arrival_small, minmay_split_cup_small
D:2:      first_ration
D:3:      chequers_ecumenical_altar_lobes, uniq_terence, uniq_purgy
D:4:      cheibrodos_sewer_entry_bend, uniq_pikel, uniq_blork_the_orc

Skill      XL: |  1  2  3 |
---------------+----------+-----
Short Blades   | 2 |  2.8
Slings         | 1 3 |  3.6
Throwing       | |  0.2
Dodging        | |  2.1
Stealth        | |  3.2
Spellcasting   | |  1.5
Hexes          | |  2.4

Action                   |  1- 3 |  4- 6 || total
-------------------------+-------+-------++-------
Melee: Dagger            |    71 |     3 ||    74
 Fire: Hunting sling     |    46 |     5 ||    51
Throw: Stone             |     2 |       ||     2
 Cast: Corona            |    15 |       ||    15
       Ensorcelled Hiber |     4 |     6 ||    10
  Use: Scroll            |       |     2 ||     2
       Potion            |       |     1 ||     1
 Stab: Sleeping          |     6 |     3 ||     9
  Eat: Chunk             |       |     2 ||     2
Armor: Robe              |    14 |     3 ||    17
Dodge: Dodged            |    57 |    14 ||    71

Table legend:
 A = Non-vault XP
 B = Vault XP
 C = Vault XP percentage of total XP
 D = Non-vault monster count
 E = Vault monster count
 F = Vault count percentage of total count
                 A         B        C        D         E       F
            +---------+---------+-------+---------+---------+-------
      Total |      73 |       0 |   0.0 |      30 |       0 |   0.0
            +---------+---------+-------+---------+---------+-------
        D:1 |      18 |       0 |   0.0 |      10 |       0 |   0.0
        D:2 |       9 |       0 |   0.0 |       5 |       0 |   0.0
        D:3 |      44 |       0 |   0.0 |      14 |       0 |   0.0
        D:4 |       2 |       0 |   0.0 |       1 |       0 |   0.0
            +---------+---------+-------+---------+---------+-------
